 Seeded DCSS version 0.30-a0-359-gd0147acb1a (webtiles) character file.

Game seed: 11875864161840823782 (custom seed)

127425 purpskrrrp the Fencer (level 17, 0/104 HPs)
             Began as a Tengu Warper on Nov 11, 2022.
             Was an Initiate of Gozag.
             Succumbed to their own poison gas
             ... on level 15 of the Dungeon.
             The game lasted 02:13:58 (29581 turns).

purpskrrrp the Fencer (Tengu Warper)               Turns: 29581, Time: 02:13:58

Health: 0/104      AC:  6    Str: 15    XL:     17   Next: 1%
Magic:  20/32      EV: 31    Int: 23    God:    Gozag
Gold:   2587       SH:  4    Dex: 24    Spells: 30/36 levels left

rFire   . . .      SeeInvis +    U - +11 plutonium sword {Contam Stlth-}
rCold   . . .      Faith    .    (shield currently unavailable)
rNeg    . . .      Spirit   .    q - +2 robe of the Black Moon {Str+4}
rPois   .          Reflect  .    Y - +2 hat
rElec   +          Harm     .    k - scarf {repulsion}
rCorr   .          Rampage  .    (no gloves)
Will    +....                    (boots unavailable)
Stlth   +.........               s - amulet of magic regeneration
HPRegen 0.37/turn                g - ring "Vakuiris" {rElec Dex+6 SInv}
MPRegen 0.63/turn                W - ring "Piewo" {EV+4 Int+3}

@: lethally poisoned (0 -> -16), about to teleport, gold aura, flying quickly
and evasively, studying Long Blades, repel missiles, quick
A: beak, talons 3, nimble flight, large bone plates 1, clever 1
a: Renounce Religion, Potion Petition, Call Merchant, Bribe Branch


You were on level 15 of the Dungeon.
You worshipped Gozag.
Gozag was most pleased with you.
You visited 4 branches of the dungeon, and saw 23 of its levels.
You also visited: Sewer, Ossuary and Ice Cave.

You collected 7433 gold pieces.
You spent 3591 gold pieces at shops.
You paid 1255 gold pieces to Gozag.

Inventory:

Hand Weapons
 t - the +7 Throatcutter {drain, coup de grace}
   (You took it off Terence on level 1 of the Dungeon)

   A truly terrible weapon, it drains the life of any living foe it strikes.
   It may instantly kill foes which have little health.
 U - the +11 plutonium sword (weapon) {Contam Stlth-}
   (You bought it in a shop on level 6 of the Dungeon)

   It occasionally inflicts wild transmutation effects on those it strikes,
   inflicting malmutation or extra damage, or polymorphing them into a new form.
   Contam:    It causes magical contamination when unequipped.
   Stlth:     It makes you less stealthy.
Missiles
 c - 22 poisoned darts
 E - 3 boomerangs
 N - 5 silver javelins
Armour
 d - a +2 kite shield of cold resistance
 k - a scarf of repulsion (worn)
 l - a +2 robe of cold resistance
 n - a scarf of shadows
 q - the +2 robe of the Black Moon (worn) {Str+4}
   (You bought it in a shop on level 2 of the Orcish Mines)

   Str:       It affects your strength (+4).
 Y - a +2 hat (worn)
 Z - a +6 crystal plate armour of cold resistance
Jewellery
 f - a ring of protection from fire
 g - the ring "Vakuiris" (left hand) {rElec Dex+6 SInv}
   (You acquired it on level 1 of the Dungeon)

   [ring of dexterity]

   Dex:       It affects your dexterity (+6).
   rElec:     It insulates you from electricity.
   SInv:      It lets you see invisible.
 j - a ring of positive energy
 o - the ring "Ozuerchu" {Dex+6 SInv}
   (You found it on level 15 of the Dungeon)

   [ring of see invisible]

   Dex:       It affects your dexterity (+6).
   SInv:      It lets you see invisible.
 r - a ring of wizardry
 s - an amulet of magic regeneration (around neck)
 z - a +6 ring of strength
 J - a ring of resist corrosion
 L - a ring of wizardry
 M - a ring of willpower
 O - a +4 ring of protection
 R - the ring "Ketwa" {MP+9 Int+6 Slay+6}
   (You found it on level 15 of the Dungeon)

   [ring of intelligence]

   Int:       It affects your intelligence (+6).
   Slay:      It affects your accuracy & damage with ranged weapons and melee
   (+6).
   MP:        It affects your magic capacity (+9).
 W - the ring "Piewo" (right hand) {EV+4 Int+3}
   (You found it on level 2 of the Lair of Beasts)

   [ring of evasion]

   EV:        It affects your evasion (+4).
   Int:       It affects your intelligence (+3).
Wands
 b - a wand of flame (12)
 h - a wand of digging (5)
 x - a wand of mindburst (2)
 D - a wand of iceblast (22)
 F - a wand of polymorph (10)
 K - a wand of charming (15)
 Q - a wand of light (12)
Scrolls
 p - 7 scrolls of teleportation
 v - a scroll of silence
 w - 5 scrolls of enchant weapon
 A - 5 scrolls of fog
 B - a scroll of enchant armour
 P - 2 scrolls of immolation
 S - a scroll of magic mapping
 T - a scroll of fear
Potions
 e - a potion of might
 i - 13 potions of curing
 m - 6 potions of brilliance
 u - a potion of resistance
 C - a potion of ambrosia
 G - a potion of heal wounds
 H - 2 potions of magic
 I - a potion of cancellation


   Skills:
 + Level 11.0 Fighting
 * Level 17.8 Long Blades
 - Level 1.0 Throwing
 + Level 10.6 Armour
 + Level 12.0 Dodging
 - Level 4.0 Shields
 - Level 6.4 Unarmed Combat
 + Level 10.3 Spellcasting
 + Level 9.6 Translocations


You had 30 spell levels left.
You knew the following spells:

 Your Spells              Type           Power      Damage    Failure   Level
a - Blink                 Tloc           100%       N/A       1%          2
b - Manifold Assault      Tloc           54%        N/A       1%          4

Your spell library contained the following spells:

 Spells                   Type           Power      Damage    Failure   Level
 Lesser Beckoning         Tloc           100%       N/A       1%          3
 Teleport Other           Tloc           54%        N/A       1%          3
 Vhi's Electric Charge    Tloc/Air       68%        N/A       2%          3
 Beastly Appendage        Tmut           22%        N/A       5%          1
 Freeze                   Ice            44%        1d6       5%          1
 Sandblast                Erth           22%        2d7       5%          1
 Slow                     Hex            44%        N/A       5%          1
 Sting                    Tmut/Pois      44%        1d5       5%          1
 Cigotuvi's Dreadful Rot  Necr/Pois/Air  22%        N/A       9%          2
 Ensorcelled Hibernation  Hex/Ice        22%        N/A       9%          2
 Passwall                 Tmut/Erth      9%         N/A       9%          2
 Poisonous Vapours        Pois/Air       22%        N/A       9%          2
 Static Discharge         Conj/Air       22%        2-3/arc   9%          2
 Wereblood                Tmut           11%        N/A       9%          2
 Confusing Touch          Hex            11%        N/A       16%         3
 Frozen Ramparts          Ice            22%        1d4       16%         3
 Hailstorm                Conj/Ice       11%        3d5       16%         3
 Spider Form              Tmut/Pois      11%        N/A       16%         3
 Stone Arrow              Conj/Erth      22%        3d8       16%         3
 Swiftness                Air            11%        N/A       16%         3
 Vampiric Draining        Necr           11%        2d6       16%         3
 Summon Forest            Summ/Tloc      17%        N/A       22%         5
 Cause Fear               Hex            5%         N/A       47%         4
 Dispel Undead            Necr           11%        3d9       47%         4
 Olgreb's Toxic Radiance  Pois           11%        N/A       47%         4
 Arcjolt                  Conj/Air       5%         1d15      83%         5
 Freezing Cloud           Conj/Ice/Air   5%         6-21      83%         5
 Lightning Bolt           Conj/Air       5%         1d17      83%         5
 Summon Mana Viper        Hex/Summ       11%        N/A       83%         5
 Death Channel            Necr           5%         N/A       100%        6
 Summon Cactus Giant      Summ           5%         N/A       100%        6
 Dragon Form              Tmut           5%         N/A       100%        7
 Dragon's Call            Summ           5%         N/A       100%        9
 Polar Vortex             Ice            5%         N/A       100%        9
 Simulacrum               Ice/Necr       Unusable   N/A       N/A         6

Dungeon Overview and Level Annotations

Branches:
Dungeon (15/15)            Temple (1/1) D:6            Lair (5/5) D:10
  Swamp (0/4) Lair:2       Spider (0/4) Lair:3        Slime (0/5) Lair:4
    Orc (2/2) D:11            Elf (0/3) Orc:2        Vaults (0/5) D:13
 Depths (0/4) D:15          Sewer (visited)         Ossuary (visited)
  IceCv (visited)

Altars:
Ashenzari
Cheibriados
Dithmenos
Elyvilon
Fedhas
Gozag
Hepliaklqana
Kikubaaqudgha
Makhleb
Nemelex Xobeh
Okawaru
Qazlal
Ru
Sif Muna
Trog
Uskayaw
Vehumet
Wu Jian
Xom
Yredelemnul
Zin
The Shining One
Jiyva

Shops:
D:4 :   D:5 ([:[   D:6 (   D:8 (   D:15 *   Orc:2 ([[(   Lair:4 =   Lair:5 *

Annotations:
Lair:3 1 runed translucent door, ytrimaz's ghost, journeyman FoFi
Lair:5 3 runed translucent doors, NinjaNoafa's ghost, journeyman MiFi


Innate Abilities, Weirdness & Mutations

You have a beak for a mouth.
You have claws for feet.
Your magical nature lets you fly swiftly and evasively.
You are partially covered in large bone plates. (SH +4)
Your mind is acute. (Int +4, Str/Dex -1)


Message History

Flame seeps out of the spriggan berserker.
Flame seeps out of the spriggan rider.
The spriggan berserker is engulfed in poison gas.
The spriggan berserker looks as sick as possible!
Flame seeps out of the spriggan berserker.
The spriggan rider is engulfed in poison gas.
The spriggan rider looks even sicker.
Flame seeps out of the spriggan rider.
The spriggan berserker is engulfed in poison gas.
The spriggan berserker looks as sick as possible!
Flame seeps out of the spriggan berserker.
As you read the scroll of teleportation, it crumbles to dust.
You feel strangely unstable.
Flame seeps out of the spriggan berserker.
Flame seeps out of the spriggan rider.
The spriggan berserker is engulfed in poison gas.
The spriggan berserker looks as sick as possible!
Flame seeps out of the spriggan berserker.
The spriggan berserker closely misses you.
The spriggan rider is engulfed in poison gas.
The spriggan rider looks even sicker.
Flame seeps out of the spriggan rider.
The spriggan air mage is engulfed in poison gas.
The spriggan air mage is poisoned.
The spriggan air mage waves its arms in wide circles.
The air twists around and strikes you!
The spriggan berserker is engulfed in poison gas.
The spriggan berserker looks as sick as possible!
Flame seeps out of the spriggan berserker.
The spriggan berserker misses you.
The spriggan rider is engulfed in poison gas.
The spriggan rider looks as sick as possible!
Flame seeps out of the spriggan rider.
The spriggan rider hits you from afar with a +0 spear!!
* * * LOW HITPOINT WARNING * * *
Casting: Manifold Assault (mildly dangerous; 1% risk of failure)
Confirm with . or Enter, or press ? or * to list all spells.
You blink.
You are engulfed in poison gas.
You are lethally poisoned!
* * * LOW HITPOINT WARNING * * *
You die...
Your body crumbles into a pile of gold.

##..........###
+...........##
#....^.......#
#............####
##........#..#..##
##.....#....)...#
+...#......#[..#
#☼#§§§§....#..)#
+§§§§@§..#.#..?#
#§§§§§.#...'...#
##§§☼§☼#§....#..##
#☼☼§§#§§§....####
#☼§§§§§☼☼....# ###
+§☼☼§§☼#....## #=[###
##§§§§☼#....###
#|...##+#i§§§§§§§§..'.##
#..iD+.§i§§§§§§§§§..#(.##


You could see a spriggan berserker (berserk, inner flame, extremely poisoned).

Vanquished Creatures
  Kirke (D:14)
  A frost giant (D:15)
  A war gargoyle (D:15)
  Azrael (D:12)
  2 yaktaur captains
  A catoblepas (Lair:3)
  4 hydras
  An ogre mage (D:15)
  4 vault guards (D:15)
  2 boulder beetles
  2 death knights (D:14)
  3 centaur warriors
  6 two-headed ogres
  A deep troll shaman (D:15)
  A spriggan berserker (D:15)
  6 tengu warriors
  3 orc high priests (Orc:2)
  Urug (D:10)
  Lodul (D:12)
  A sea snake (D:15)
  A flayed ghost (D:15)
  3 bog bodies
  Pikel (D:5)
  4 orc knights (Orc:2)
  A deep elf pyromancer (D:15)
  A wolf spider (D:15)
  10 ugly things
  6 orc sorcerers
  A cyclops (D:15)
  A manticore (D:12)
  5 elephants (Lair:4)
  2 guardian serpents (D:15)
  2 black mambas
  An ice statue (IceCv)
  14 cane toads
  2 torpor snails
  4 gargoyles
  Maggie (D:6)
  A rime drake (Lair:5)
  3 freezing wraiths (D:14)
  An unseen horror (D:12)
  Psyche (D:8)
  12 komodo dragons
  An efreet (D:13)
  2 yaktaurs (D:13)
  An anaconda simulacrum (IceCv)
  5 tengu conjurers (D:15)
  5 kobold demonologists
  2 hornets
  2 polar bears
  10 trolls
  A polar bear (shapeshifter) (D:13)
  4 tyrant leeches (Lair:5)
  18 blink frogs
  16 slime creatures
  3 dream sheep (Lair:4)
  5 shadows
  2 vampires
  A culicivora (shapeshifter) (D:15)
  Eustachio (D:6)
  A spriggan (shapeshifter) (D:15)
  4 wyverns
  36 yaks
  5 wraiths
  2 dire elephant simulacra (IceCv)
  6 fire elementals
  3 steam dragons (D:8)
  5 hogs (D:14)
  A basilisk (D:10)
  A death yak simulacrum (IceCv)
  Edmund (D:4)
  5 vampire mosquitoes (Lair:5)
  A harpy simulacrum (IceCv)
  4 acid dragons
  4 wargs
  2 hydra simulacra (IceCv)
  2 floating eyes (D:15)
  3 hell hounds (D:12)
  28 water moccasins
  14 orc warriors
  2 ice beasts
  15 ogres
  4 black bears (D:10)
  A wolf (D:10)
  8 centaurs
  A phantom (D:6)
  6 kobold brigands
  2 elf zombies (Ossuary)
  19 bullfrogs
  A gnoll sergeant (D:12)
  2 scorpions
  A necrophage (D:6)
  2 cane toad simulacra (Lair:3)
  4 two-headed ogre simulacra (IceCv)
  4 wights
  4 killer bees (D:9)
  4 elephant simulacra
  2 howler monkeys
  An electric eel (Lair:5)
  A lava snake (D:13)
  3 jellies
  2 gnoll boudas
  12 orc priests
  2 hounds (D:6)
  2 iguanas
  Terence (D:1)
  16 orc wizards
  5 hell rats (Lair:5)
  5 spriggan simulacra (IceCv)
  4 polar bear simulacra
  7 troll simulacra (IceCv)
  4 wolf simulacra (IceCv)
  3 mummies (Ossuary)
  A boggart simulacrum (D:15)
  17 gnolls
  7 adders
  5 naga simulacra (IceCv)
  4 white imps (IceCv)
  8 ufetubi
  2 adder zombies (Ossuary)
  A worm (D:3)
  3 dart slugs
  44 orcs
  11 ball pythons
  6 bats
  4 endoplasms
  8 giant cockroaches
  7 goblins
  3 hobgoblins
  5 jackals
  25 kobolds
  6 quokkas
  10 frilled lizards
  A gnoll zombie (Ossuary)
  2 goblin zombies (Ossuary)
  5 hobgoblin zombies (Ossuary)
  A kobold zombie (Ossuary)
  An orc zombie (Ossuary)
  3 quokka zombies (Ossuary)
  7 rats
  A rat zombie (Ossuary)
  A fire vortex (D:13)
677 creatures vanquished.

Vanquished Creatures (others)
  A human (D:14)
  An orc wizard (D:11)
  A bush (Lair:5)
  28 fungi
  125 plants
156 creatures vanquished.

Grand Total: 833 creatures vanquished

Notes
Turn   | Place    | Note
-------+----------+-------------------------------------------
     0 | D:1      | purpskrrrp the Tengu Warper began the quest for the Orb.
     0 | D:1      | Reached XP level 1. HP: 12/12 MP: 4/4
   119 | D:1      | Reached XP level 2. HP: 14/17 MP: 6/6
   145 | D:1      | Reached skill level 3 in Long Blades
   580 | D:1      | Identified a scroll of acquirement
   580 | D:1      | Acquired the ring "Vakuiris" {rElec Dex+6 SInv}
   726 | D:2      | Reached skill level 4 in Long Blades
   726 | D:2      | Reached XP level 3. HP: 11/21 MP: 7/7
   890 | D:1      | Gained mutation: You are partially covered in iridescent
                  | scales. (AC +2) [potion of mutation]
  1299 | D:2      | Learned a level 2 spell: Blink
  1399 | D:2      | Reached XP level 4. HP: 26/26 MP: 8/8
  1474 | D:2      | Noticed Terence
  1694 | D:3      | Found a burning altar of Makhleb.
  1871 | D:3      | Found a glowing drain.
  1890 | Sewer    | Entered a sewer
  1906 | Sewer    | Gained mutation: Your magical nature lets you fly swiftly
                  | and evasively. [Tengu growth]
  1906 | Sewer    | Reached XP level 5. HP: 30/30 MP: 9/9
  1908 | Sewer    | Noticed a kobold brigand
  1925 | Sewer    | Killed a kobold brigand
  1926 | Sewer    | Reached skill level 5 in Long Blades
  2108 | Sewer    | Noticed a kobold brigand
  2127 | Sewer    | Killed a kobold brigand
  2128 | Sewer    | Reached XP level 6. HP: 28/36 MP: 10/10
  2504 | Sewer    | Lost mutation: You are partially covered in iridescent
                  | scales. (AC +2) [potion of mutation]
  2504 | Sewer    | Gained mutation: Your mind is acute. (Int +4, Str/Dex -1)
                  | [potion of mutation]
  2504 | Sewer    | Gained mutation: Your movements are slightly less
                  | encumbered by armour. (ER -2) [potion of mutation]
  2812 | D:3      | Learned a level 4 spell: Manifold Assault
  3264 | D:3      | Reached skill level 6 in Long Blades
  3264 | D:3      | Reached XP level 7. HP: 41/41 MP: 12/12
  3707 | D:4      | Noticed Edmund
  3834 | D:1      | Killed Terence
  3940 | D:4      | Killed Edmund
  3973 | D:4      | Identified the +1 sling of Dissatisfaction {elec, rPois
                  | Str+3 Stlth-}
  4132 | D:4      | Found Ehynton's Book Emporium.
  4145 | D:4      | Reached skill level 1 in Unarmed Combat
  4270 | D:4      | Reached XP level 8. HP: 46/46 MP: 14/14
  4652 | D:5      | Entered Level 5 of the Dungeon
  4714 | D:5      | Found Lamast's Antique Armour Emporium.
  4721 | D:5      | Found Ino Qek's Weapon Emporium.
  4722 | D:5      | Found Hemaeno's Armour Emporium.
  4723 | D:5      | Found Josaufeq's Book Emporium.
  4810 | D:5      | Reached skill level 7 in Long Blades
  4833 | D:5      | Found a hide-covered altar of Uskayaw.
  4859 | D:5      | Found a stormy altar of Qazlal.
  5226 | D:6      | Noticed Maggie
  5375 | D:6      | Killed Maggie
  5376 | D:6      | Reached XP level 9. HP: 46/52 MP: 14/16
  5477 | D:6      | Identified the +0 scale mail "Iquw Mus" {rC+ Str-3 Stlth+}
  5580 | D:6      | Reached skill level 5 in Dodging
  5588 | D:6      | Reached skill level 8 in Long Blades
  5711 | D:6      | Noticed Pikel
  5736 | D:5      | Killed Pikel
  5774 | D:6      | Noticed Eustachio
  5781 | D:6      | Killed Eustachio
  5782 | D:6      | Reached skill level 5 in Fighting
  6035 | D:6      | Found a staircase to the Ecumenical Temple.
  6197 | D:6      | Found Biasodu's Antique Weapon Emporium.
  6320 | D:6      | Reached skill level 9 in Long Blades
  6537 | D:6      | Lost mutation: Your movements are slightly less encumbered
                  | by armour. (ER -2) [potion of mutation]
  6537 | D:6      | Lost mutation: Your mind is acute. (Int +4, Str/Dex -1)
                  | [potion of mutation]
  6537 | D:6      | Gained mutation: You are partially covered in iridescent
                  | scales. (AC +2) [potion of mutation]
  6606 | Temple   | Entered the Ecumenical Temple
  6743 | Temple   | Became a worshipper of Gozag Ym Sagoz the Greedy
  6891 | D:7      | Reached skill level 5 in Spellcasting
  7057 | D:7      | Reached XP level 10. HP: 58/59 MP: 18/18
  7306 | D:7      | Found a sand-covered staircase.
  7317 | Ossuary  | Entered an ossuary
  7345 | Ossuary  | Reached skill level 1 in Shields
  7434 | Ossuary  | Reached skill level 5 in Translocations
  7845 | D:8      | Noticed Psyche
  7848 | D:8      | Killed Psyche
  7881 | D:8      | You are sucked into a shaft and drop 3 floors!
  7991 | D:11     | Reached skill level 5 in Unarmed Combat
  8000 | D:10     | Entered Level 10 of the Dungeon
  8252 | D:8      | Found Kehoiden's Antique Weapon Shoppe.
  8293 | D:8      | Found an ornate altar of the Wu Jian Council.
  8293 | D:8      | Noticed a two-headed ogre
  8522 | D:8      | Found a snail-covered altar of Cheibriados.
  8821 | D:8      | Killed a two-headed ogre
  8822 | D:8      | Reached skill level 10 in Long Blades
  8828 | D:8      | Identified the +6 chain mail of Nanud {+Blink rCorr MP-9
                  | Str+7}
  9296 | D:9      | Noticed a two-headed ogre
  9315 | D:9      | Killed a two-headed ogre
  9316 | D:9      | Reached XP level 11. HP: 64/64 MP: 11/20
  9810 | D:10     | Noticed a two-headed ogre
  9824 | D:10     | Killed a two-headed ogre
 10058 | D:10     | Found a staircase to the Lair.
 10085 | D:10     | Noticed Urug
 10151 | D:10     | Killed Urug
 10174 | D:10     | Noticed a two-headed ogre
 10199 | D:10     | Killed a two-headed ogre
 10201 | D:10     | Reached skill level 11 in Long Blades
 11377 | D:11     | Found a staircase to the Orcish Mines.
 11401 | D:11     | Reached skill level 5 in Armour
 11418 | D:11     | Reached XP level 12. HP: 71/71 MP: 13/22
 12365 | D:11     | Reached skill level 12 in Long Blades
 12794 | Lair:1   | Entered Level 1 of the Lair of Beasts
 14015 | D:6      | Bought the +11 plutonium sword {Contam Stlth-} for 2200
                  | gold pieces
 14015 | D:6      | Found the +11 plutonium sword {Contam Stlth-}
 14226 | Lair:2   | Noticed a boulder beetle
 14236 | Lair:2   | Killed a boulder beetle
 14237 | Lair:2   | Reached XP level 13. HP: 49/78 MP: 16/25
 14482 | Lair:2   | Found a staircase to the Swamp.
 14528 | Lair:2   | Identified the +11 trident "Vofonusimn" {drain, Int+2}
 14602 | Lair:2   | Identified the ring "Piewo" {EV+4 Int+3}
 15018 | Lair:2   | Gained mutation: You occasionally shout uncontrollably at
                  | your foes. [mutagenic glow]
 15228 | Lair:3   | Found a hole to the Spider Nest.
 15281 | Lair:3   | Reached skill level 13 in Long Blades
 15358 | Lair:3   | Found a frozen archway.
 15420 | IceCv    | Entered an ice cave
 17642 | Lair:3   | Found a runed translucent door.
 17642 | Lair:3   | Noticed ytrimaz's ghost (journeyman FoFi)
 18544 | Lair:4   | Lost mutation: You occasionally shout uncontrollably at
                  | your foes. [potion of mutation]
 18544 | Lair:4   | Lost mutation: You are partially covered in iridescent
                  | scales. (AC +2) [potion of mutation]
 18544 | Lair:4   | Gained mutation: Your mind is acute. (Int +4, Str/Dex -1)
                  | [potion of mutation]
 18544 | Lair:4   | Gained mutation: You are partially covered in large bone
                  | plates. (SH +4) [potion of mutation]
 18760 | Lair:4   | Found a staircase to the Slime Pits.
 18762 | Lair:4   | Found a viscous altar of Jiyva.
 19258 | Lair:5   | Entered Level 5 of the Lair of Beasts
 19378 | Lair:5   | Found a runed translucent gate.
 19379 | Lair:5   | Found a runed translucent gate.
 19380 | Lair:5   | Found a runed translucent gate.
 19380 | Lair:5   | Noticed NinjaNoafa's ghost (journeyman MiFi)
 19791 | Lair:5   | Reached skill level 14 in Long Blades
 19926 | Lair:5   | Reached XP level 14. HP: 86/86 MP: 11/27
 20241 | Lair:5   | Reached skill level 10 in Dodging
 21773 | Lair:5   | Identified the +8 morningstar "Xackeun" {pain, rCorr}
 22631 | Orc:1    | Entered Level 1 of the Orcish Mines
 22868 | Orc:2    | Entered Level 2 of the Orcish Mines
 22868 | Orc:2    | Found Raudgh's Book Emporium.
 23192 | Orc:2    | Paralysed by an orc sorcerer for 2 turns
 23262 | Orc:2    | Paralysed by an orc sorcerer for 2 turns
 23478 | Orc:2    | Reached skill level 15 in Long Blades
 23665 | Orc:2    | Found Quplash's Armour Shop.
 23677 | Orc:2    | Found Piggygou's Weapon Emporium.
 23681 | Orc:2    | Bought the +2 robe of the Black Moon {Str+4} for 443 gold
                  | pieces
 23694 | Orc:2    | Found Dazocom's Antique Armour Emporium.
 23713 | Orc:2    | Found Guamorchidgh's Antique Weapon Shop.
 23812 | Orc:2    | Found Coelobb's Jewellery Shop.
 23829 | Orc:2    | Found a staircase to the Elven Halls.
 24271 | Orc:1    | You are sucked into a shaft and drop 1 floor!
 24389 | D:12     | Noticed Lodul
 24449 | D:12     | Noticed Azrael
 24465 | D:12     | Killed Azrael
 24739 | D:12     | Killed Lodul
 24976 | D:13     | Reached skill level 10 in Fighting
 24976 | D:13     | Reached XP level 15. HP: 92/92 MP: 4/29
 25323 | D:13     | Identified the +2 rapier of the Doomed Warrior {venom, rF+
                  | rC+ Stlth+}
 25948 | D:13     | Found a gate to the Vaults.
 26597 | D:14     | Noticed Kirke
 26610 | D:14     | Killed Kirke
 26900 | D:14     | Acquired a manual of Long Blades
 27278 | D:14     | Reached skill level 16 in Long Blades
 28412 | D:15     | Entered Level 15 of the Dungeon
 28512 | D:15     | Reached skill level 10 in Armour
 28607 | D:15     | Noticed a frost giant
 28622 | D:15     | Killed a frost giant
 28836 | D:15     | Found a staircase to the Depths.
 28924 | D:15     | Reached skill level 10 in Spellcasting
 29121 | D:15     | Reached skill level 17 in Long Blades
 29225 | D:15     | Identified the ring "Ozuerchu" {Dex+6 SInv}
 29344 | D:15     | Found Pomn's General Store.
 29421 | D:15     | Bought a potion of experience for 600 gold pieces
 29421 | D:15     | Bought a scroll of teleportation for 36 gold pieces
 29421 | D:15     | Bought a book of Geomancy for 216 gold pieces
 29421 | D:15     | Bought a potion of cancellation for 96 gold pieces
 29429 | D:15     | Reached XP level 16. HP: 99/99 MP: 31/31
 29528 | D:15     | Identified the ring "Ketwa" {MP+9 Int+6 Slay+6}
 29578 | D:15     | Reached XP level 17. HP: 45/104 MP: 24/32
 29581 | D:15     | HP: 4/104 [cloud of poison gas (9)]
 29581 | D:15     | Succumbed to their own poison gas

Illustrated notes

Levels and vault maps discovered:
D:1:      amcnicky_arrival_abandoned_market, layout_basic,
          minmay_shallow_snake_nest
D:2:      layout_rooms, uniq_terence
D:3:      layout_loops_corners, bloody_makhleb, gup_sewer_entry_pipe
D:4:      layout_gridville, serial_shops, shop_fountains, uniq_edmund
D:5:      layout_basic, lemuel_crystal_altar, mainiacjoe_overflow_tiny_flanked,
          minmay_shop_grid_forest, corexii_item_surrounded_by_moat
D:6:      layout_rooms, minmay_temple_entry_mini_moons,
          nicolae_inconvenience_store, amethyst_killhole, minmay_crystal_room,
          nicolae_grassy_gnolls, uniq_maggie, uniq_eustachio, uniq_pikel
D:7:      layout_basic, chequers_ossuary_entry_cave
D:8:      layout_basic, marbit_many_paths, nicolae_wu_jian_wuxing_cycle,
          serial_shops, nicolae_shop_waterfront, uniq_psyche
D:9:      layout_loops_ring, minmay_misc_feat_four_crosses
D:10:     layout_basic, minmay_lair_entry_grove, uniq_urug
D:11:     layout_basic, minmay_orc_entry_temple_small
D:12:     layout_cave_pools, uniq_lodul, uniq_azrael
D:13:     erik_rubicon_a, layout_basic, david_vaults_2, kennysheep_path_1
D:14:     layout_cave_pods, minmay_fountain_box, uniq_kirke
D:15:     hangedman_spin_cycle
Temple:   minmay_crystal_spiral_temple
Lair:1:   layout_gridlike, lemuel_old_faithful
Lair:2:   layout_roguey, skrybe_swamp_entry_bodies
Lair:3:   layout_regular_city, dummy_spider_entry,
          hellmonk_ghost_happy_afterlife, portal_ice_cave_entry_ice_simulacra
Lair:4:   layout_hall_layers, dpeg_slime_entry_corner
Lair:5:   minmay_lair_end_frog_pond, layout_small_grid,
          gammafunk_ghost_hydra_chop
Orc:1:    layout_caves, nicolae_orc_damp_corner
Orc:2:    st_orc_elflike, layout_caves, serial_shops, shop_statue, shop_coins

Skill      XL: |  1  2  3  4  5  6  7  8  9 10 11 12 13 14 15 16 |
---------------+-------------------------------------------------+-----
Long Blades    | 4 5 6 7 9 10 11 12 14 15 17 | 17.8
Dodging        | 3 4 5 6 7 8 9 10 11 12 | 12.0
Translocations | 3 4 5 6 7 8 9 |  9.6
Fighting       | 3 4 5 6 8 9 10 11 | 11.0
Spellcasting   | 3 4 5 6 7 8 9 10 | 10.3
Unarmed Combat | 1 3 4 5 6 |  6.4
Shields        | 2 4 |  4.0
Armour         | 3 5 6 8 9 10 | 10.6
Throwing       | |  1.0

Action                   |  1- 3 |  4- 6 |  7- 9 | 10-12 | 13-15 | 16-18 || total
-------------------------+-------+-------+-------+-------+-------+-------++-------
Melee: Falchion          |    63 |   139 |    19 |       |       |       ||   221
       Kick              |    19 |    46 |    23 |   128 |    98 |     6 ||   320
       Peck              |     4 |    36 |    15 |    86 |    56 |     2 ||   199
       Punch             |     1 |     2 |       |       |     8 |       ||    11
       Long sword        |       |       |   113 |   388 |   439 |       ||   940
       Triple sword      |       |       |       |     6 |   715 |    31 ||   752
       Trident           |       |       |       |       |     6 |       ||     6
Throw: Boomerang         |     1 |     5 |     3 |       |       |       ||     9
       Dart              |       |    42 |   140 |   214 |    11 |       ||   407
       Throwing net      |       |       |     3 |     6 |       |       ||     9
       Javelin           |       |       |    24 |    19 |     1 |       ||    44
 Cast: Blink             |       |     1 |     4 |     1 |     6 |     1 ||    13
       Manifold Assault  |       |       |       |       |   668 |    13 ||   681
Invok: Call Merchant     |       |       |       |       |     2 |       ||     2
Evoke: Wand              |       |       |       |    17 |     6 |       ||    23
  Use: Scroll            |     5 |     7 |     9 |    13 |    15 |     4 ||    53
       Potion            |     1 |     2 |     4 |     4 |    15 |       ||    26
 Stab: Sleeping          |       |       |     1 |     4 |       |       ||     5
       Distracted        |       |       |       |     3 |     4 |       ||     7
       Invisible         |       |       |       |     2 |       |       ||     2
Armor: Leather armour    |    13 |       |       |       |       |       ||    13
       Ring mail         |     6 |    47 |    21 |       |       |       ||    74
       Acid dragon scale |       |       |     3 |    13 |       |       ||    16
       Chain mail        |       |       |       |    63 |    17 |       ||    80
       Robe              |       |       |       |       |    24 |     1 ||    25
       Crystal plate arm |       |       |       |       |     1 |       ||     1
Dodge: Dodged            |    34 |    95 |   120 |   157 |   356 |    14 ||   776
       Repelled          |       |       |       |       |     4 |       ||     4
Block: Buckler           |       |       |    21 |    87 |       |       ||   108
       Kite shield       |       |       |       |       |     7 |       ||     7
       Other             |       |       |       |       |    37 |     5 ||    42

Table legend: (Time is in decaauts)
 A = Elapsed time spent in this place.
 B = Non-inter-level travel time spent in this place.
 C = Inter-level travel time spent in this place.
 D = Time resting spent in this place.
 E = Time spent auto-exploring this place.
 F = Levels seen in this place.
 G = Mean time per level.
                   A        B        C        D        E       F      G
               +--------+--------+--------+--------+--------+-----+--------+
         Total |  27884 |  24742 |   3142 |   3378 |  14980 |  26 | 1072.5 |
       Dungeon |  16681 |  14288 |   2393 |   1921 |   8598 |  15 | 1112.1 |
        Temple |    192 |    116 |     76 |      0 |     99 |   1 |  192.0 |
          Lair |   6896 |   6279 |    617 |    520 |   4333 |   5 | 1379.2 |
  Orcish Mines |   1606 |   1552 |     54 |    308 |    905 |   2 |  803.0 |
         Sewer |    596 |    596 |      0 |     63 |    257 |   1 |  596.0 |
       Ossuary |    177 |    177 |      0 |      0 |     98 |   1 |  177.0 |
      Ice Cave |   1733 |   1733 |      0 |    565 |    687 |   1 | 1733.0 |
               +--------+--------+--------+--------+--------+-----+--------+

Top non-repeatable levels by time:
  Lair:5: 2197 daAuts
    D:14: 1847 daAuts
  Lair:4: 1747 daAuts
   IceCv: 1733 daAuts
    D:13: 1554 daAuts
    D:10: 1514 daAuts
     D:1: 1255 daAuts
     D:6: 1225 daAuts
     D:3: 1143 daAuts
    D:12: 1142 daAuts
    D:11: 1101 daAuts
  Lair:3: 1083 daAuts
    D:15: 1075 daAuts
  Lair:1: 1068 daAuts
   Orc:2: 988 daAuts
